 Dungeon Crawl Stone Soup version 0.26-a0-1184-g95e395e029 (webtiles) character file.

Game seed: 4772062279096358459

10041 Marmelada15 the Arsonist (level 11, -9/88 HPs)
             Began as an Ogre Fire Elementalist on Dec 27, 2020.
             Was an Initiate of Gozag.
             Mangled by a catoblepas (34 damage)
             ... on level 1 of the Lair of Beasts.
             The game lasted 00:28:59 (18598 turns).

Marmelada15 the Arsonist (Ogre Fire Elementalist)  Turns: 18598, Time: 00:29:00

Health: -9/88      AC:  5    Str: 14    XL:     11   Next: 55%
Magic:  9/24       EV: 10    Int: 19    God:    Gozag
Gold:   2352       SH:  0    Dex:  9    Spells: 12/28 levels left

rFire    . . .     SeeInvis .   m - +4 quarterstaff (chaos)
rCold    + . .     Faith    .   (shield currently unavailable)
rNeg     . . .     Spirit   .   M - +1 robe {rC+}
rPois    .         Reflect  .   (helmet restricted)
rElec    .         Harm     .   b - +0 cloak
rCorr    .         Rampage  .   (gloves unavailable)
Will     +....                  (boots unavailable)
Stlth    +.........             (no amulet)
HPRegen  0.24/turn              (no ring)
MPRegen  0.19/turn              (no ring)

@: about to teleport, berserk cooldown, slowed, very slow
A: large, unfitting armour, tough skin 1
a: Renounce Religion, Potion Petition, Call Merchant, Bribe Branch


You were on level 1 of the Lair of Beasts.
You worshipped Gozag.
Gozag was most pleased with you.
You visited 2 branches of the dungeon, and saw 12 of its levels.

You collected 2417 gold pieces.
You paid 65 gold pieces to Gozag.

Inventory:

Hand Weapons
 d - a +0 short sword
 m - a +4 quarterstaff of chaos (weapon)
 H - a -3 rapier
Armour
 a - a +0 robe
 b - a +0 cloak (worn)
 M - a +1 robe of cold resistance (worn)
Jewellery
 x - a -4 ring of protection
 F - an uncursed ring of protection from cold {unknown}
Wands
 t - a wand of polymorph (1)
 u - a wand of flame (20)
 G - a wand of iceblast (3)
 J - a wand of enslavement (5)
Scrolls
 c - a scroll of random uselessness {unknown}
 e - 4 scrolls of fog
 f - 2 scrolls of magic mapping
 j - a scroll of vulnerability {unknown}
 k - 2 scrolls of enchant weapon {unknown}
 l - a scroll of enchant armour {unknown}
 n - a scroll of teleportation
 o - 4 scrolls of amnesia {unknown}
 r - a scroll of noise {unknown}
 s - a scroll of blinking {unknown}
 v - a scroll of immolation {unknown}
 y - 7 scrolls of identify
 A - a scroll of summoning {unknown}
 D - a scroll of fear {unknown}
Potions
 g - 3 potions of magic
 h - 4 potions of flight
 i - a potion of attraction
 p - 2 potions of invisibility
 q - 2 potions of curing
 w - a potion of might
 z - a potion of mutation {unknown}
 B - a potion of resistance
 C - a potion of brilliance {unknown}
 E - a potion of berserk rage
 I - a potion of ambrosia {unknown}
 K - 2 potions of haste {unknown}
 L - 2 potions of experience {unknown}


   Skills:
 - Level 1.7 Dodging
 - Level 1.4 Stealth
 + Level 9.1 Spellcasting
 * Level 10.4 Conjurations
 * Level 10.7 Fire Magic


You had 12 spell levels left.
You knew the following spells:

 Your Spells              Type           Power        Failure   Level
a - Foxfire               Conj/Fire      100%         1%          1
b - Conjure Flame         Conj/Fire      48%          1%          3
c - Inner Flame           Hex/Fire       29%          2%          3
d - Sticky Flame          Conj/Fire      48%          1%          4
e - Fireball              Conj/Fire      24%          3%          5

Your spell library contained the following spells:

 Spells                   Type           Power        Failure   Level
 Animate Skeleton         Necr           16%          9%          1
 Apportation              Tloc           16%          9%          1
 Corona                   Hex            8%           9%          1
 Summon Small Mammal      Summ           32%          9%          1


Dungeon Overview and Level Annotations

Branches:
Dungeon (11/15)            Temple (0/1) D:7            Lair (1/6) D:11
    Orc (0/2) D:10

Altars:
Ashenzari
Gozag
Xom
Zin


Innate Abilities, Weirdness & Mutations

You are too large for most types of armour.
You have tough skin. (AC +1)


Message History

The blast of calcifying dust hits you.
* * * LOW HITPOINT WARNING * * *
The basilisk becomes distracted by the nearby gold, dreaming of imaginary riches.
Unknown command.
Unknown command.
You are too berserk!
Unknown command.
You feel a strong urge to attack something.
You are no longer berserk.
You are exhausted.
You feel yourself slow down.
Unknown command.
Unknown command.
Unknown command.
Unknown command.
Unknown command.
As you read the scroll of teleportation, it crumbles to dust.
You feel strangely unstable. The catoblepas gores you!!
You die...
Your body crumbles into a pile of gold.

.[...#
#....).≈≈≈≈≈≈≈≈≈.
+#####
#......≈≈≈≈≈≈≈≈≈.
####+##..≈≈≈≈≈..#
#...#.≈..≈≈.#
#..####...##≈####.#
............## $
+#+###.###### $
+........§..P#
#........§@.##
#...≈####§Y.# #...#
##§$.#
....####≈.l##
#......$..#S# $
#........#...#
#P..#P####..$# ###
## #(.# ###


You could see a catoblepas (strong), a basilisk (unaware) and a water moccasin.

Vanquished Creatures
  A centaur warrior (D:11)
  Pikel (D:8)
  An ugly thing (D:11)
  A manticore (D:11)
  A cane toad (Lair:1)
  A shadow (D:7)
  2 wyverns (D:11)
  5 yaks
  A basilisk (Lair:1)
  2 steam dragons (D:10)
  3 water moccasins
  Duvessa (D:7)
  An eye of draining (D:10)
  2 ice beasts
  2 black bears (D:11)
  2 necrophages (D:11)
  3 ogres
  3 sky beasts
  2 orc warriors (D:8)
  3 wolves (D:11)
  7 centaurs
  A big kobold (D:8)
  7 bullfrogs
  Dowan (D:7)
  A water moccasin zombie (D:7)
  2 scorpions
  9 killer bees (D:10)
  16 wights
  8 electric eels (D:7)
  3 howler monkeys
  2 bullfrog zombies
  3 hounds
  4 bullfrog skeletons
  7 orc priests
  Crazy Yiuf (D:2)
  A centaur skeleton (D:5)
  Jessica (D:2)
  4 iguanas
  12 orc wizards
  7 worker ants
  A killer bee zombie (D:5)
  A hound zombie (D:7)
  A hound skeleton (D:6)
  A worker ant zombie (D:5)
  4 gnolls (D:5)
  12 adders
  2 shadow imps (D:7)
  2 white imps
  An ufetubus (D:9)
  3 adder skeletons
  A worm (D:3)
  3 dart slugs (D:1)
  3 leopard geckos
  49 orcs
  4 ball pythons
  4 giant cockroaches
  3 goblins
  10 hobgoblins
  2 jackals (D:5)
  4 quokkas
  5 bats
  7 frilled lizards
  A giant cockroach zombie (D:6)
  10 kobolds
  A leopard gecko skeleton (D:4)
  A quokka zombie (D:7)
  4 rats
275 creatures vanquished.

Vanquished Creatures (collateral kills)
  2 foxfires (D:1)
2 creatures vanquished.

Vanquished Creatures (others)
  A wyvern zombie (D:11)
  A ball python (D:7)
  764 foxfires
  7 fungi (D:11)
  63 plants
  2 withered plants (D:11)
838 creatures vanquished.

Grand Total: 1115 creatures vanquished

Notes
Turn   | Place    | Note
-------+----------+-------------------------------------------
     0 | D:1      | Marmelada15 the Ogre Fire Elementalist began the quest for
                  | the Orb.
     0 | D:1      | Reached XP level 1. HP: 16/16 MP: 3/3
    67 | D:1      | Reached skill level 1 in Conjurations
   206 | D:1      | Reached XP level 2. HP: 24/24 MP: 2/5
   707 | D:1      | Reached XP level 3. HP: 30/31 MP: 2/7
   996 | D:1      | You fall into a shaft and drop 1 floor!
  1076 | D:2      | Noticed Jessica
  1080 | D:2      | Killed Jessica
  1081 | D:2      | Reached XP level 4. HP: 39/39 MP: 4/8
  1923 | D:2      | Found a runed translucent door.
  1924 | D:2      | Noticed Crazy Yiuf
  2107 | D:2      | Killed Crazy Yiuf
  2108 | D:2      | Reached XP level 5. HP: 11/45 MP: 1/9
  2339 | D:2      | Learned a level 3 spell: Conjure Flame
  2344 | D:2      | Learned a level 3 spell: Inner Flame
  4022 | D:4      | Reached XP level 6. HP: 53/53 MP: 8/11
  4105 | D:4      | Found a broken altar of Ashenzari.
  4177 | D:4      | Found an opulent altar of Gozag.
  4177 | D:4      | Found a glowing silver altar of Zin.
  4200 | D:4      | Became a worshipper of Gozag Ym Sagoz the Greedy
  4705 | D:4      | Reached XP level 7. HP: 21/59 MP: 2/13
  5111 | D:5      | Entered Level 5 of the Dungeon
  5157 | D:5      | Reached skill level 5 in Fire Magic
  5260 | D:5      | Learned a level 4 spell: Sticky Flame
  6840 | D:6      | You fall into a shaft and drop 3 floors!
  6848 | D:9      | Found a shimmering altar of Xom.
  6927 | D:8      | Reached skill level 5 in Conjurations
  6927 | D:8      | Reached XP level 8. HP: 67/67 MP: 10/15
  7074 | D:7      | Noticed Duvessa
  7074 | D:7      | Noticed Dowan
  7393 | D:7      | Reached skill level 5 in Spellcasting
  7588 | D:7      | Found a staircase to the Ecumenical Temple.
  8140 | D:7      | Reached XP level 9. HP: 66/74 MP: 13/17
  8458 | D:7      | Killed Duvessa
  8586 | D:7      | Killed Dowan
  9869 | D:8      | Noticed Pikel
  9895 | D:8      | Killed Pikel
 10660 | D:8      | Reached XP level 10. HP: 76/78 MP: 15/20
 12211 | D:9      | Learned a level 5 spell: Fireball
 12644 | D:10     | Entered Level 10 of the Dungeon
 13498 | D:10     | Found a staircase to the Orcish Mines.
 14884 | D:11     | Noticed a cyan ugly thing
 16045 | D:10     | Reached skill level 10 in Fire Magic
 16045 | D:10     | Reached XP level 11. HP: 55/88 MP: 13/23
 16879 | D:11     | Noticed a centaur warrior
 17211 | D:11     | Killed a centaur warrior
 17589 | D:11     | Found a staircase to the Lair.
 17601 | D:11     | Reached skill level 10 in Conjurations
 17816 | D:11     | Noticed a manticore
 17830 | D:11     | Killed a manticore
 18310 | D:11     | Noticed a purple ugly thing
 18310 | D:11     | Noticed a purple ugly thing
 18327 | D:11     | Killed a purple ugly thing
 18457 | Lair:1   | Entered Level 1 of the Lair of Beasts
 18579 | Lair:1   | Noticed a catoblepas
 18598 | Lair:1   | Mangled by a catoblepas

Illustrated notes

Levels and vault maps discovered:
D:1:      dpeg_arrival_rhombi, layout_loops_ring, serial_forest,
          infiniplex_forest_clump_diagonal, infiniplex_forest_clump_diagonal,
          infiniplex_forest_lined_corner, infiniplex_forest_clump_long,
          infiniplex_forest_lined_3, infiniplex_forest_lined_3,
          infiniplex_forest_clump_cross, infiniplex_forest_pool,
          infiniplex_forest_end_3, st_stairs_8, minmay_misc_feat_x
D:2:      layout_basic, serial_forest, infiniplex_forest_clump_cross,
          infiniplex_forest_end_2, infiniplex_forest_clump_small,
          infiniplex_forest_straight_2, infiniplex_forest_lined_corner,
          infiniplex_forest_lined_3, uniq_crazy_yiuf_cottage, uniq_jessica
D:3:      layout_basic
D:4:      layout_basic, grunt_temple_overflow_gold_and_silver,
          cheibrodos_ashenzari_chains
D:5:      layout_gridville, amethyst_killhole
D:6:      layout_loops_ring, gammafunk_temple_overflow_elements, serial_shops,
          nicolae_shop_behind_doors
D:7:      layout_rooms, minmay_temple_entry_statues_fountains, serial_bayou,
          serial_bayou_lake_a, serial_bayou_pond_b, serial_bayou_pond_a,
          serial_bayou_shore_a, serial_bayou_ford_a, uniq_duvessa
D:8:      layout_basic, uniq_pikel
D:9:      layout_roguey, basic_altar, hangedman_decor_riveting
D:10:     cheibrodos_steamvent, layout_loops_ring, hiddenorc2_lemuel
D:11:     layout_loops_corners, minmay_lair_entry_grove, serial_undead,
          serial_undead_d, serial_undead_f, serial_undead_a, serial_undead_e,
          lemuel_tele_altar
Lair:1:   layout_roguey, hangedman_lair_generics_rect,
          infiniplex_staircase_pool_2, lemuel_fruit_tree

Skill      XL: |  1  2  3  4  5  6  7  8  9 10 11 |
---------------+----------------------------------+-----
Conjurations   | 1 2 3 4 5 6 8 9 10 | 10.4
Fire Magic     | 3 4 5 7 8 10 | 10.7
Spellcasting   | 3 4 5 7 8 9 |  9.1
Dodging        | |  1.7
Stealth        | |  1.4

Action                   |  1- 3 |  4- 6 |  7- 9 | 10-12 || total
-------------------------+-------+-------+-------+-------++-------
Melee: Unarmed           |     1 |       |       |       ||     1
       Short sword       |       |     1 |       |       ||     1
       Quarterstaff      |       |    18 |    38 |   185 ||   241
 Cast: Foxfire           |    47 |   135 |   232 |    45 ||   459
       Conjure Flame     |       |     5 |     4 |     5 ||    14
       Sticky Flame      |       |       |    16 |    77 ||    93
       Inner Flame       |       |       |     3 |     1 ||     4
       Fireball          |       |       |       |    26 ||    26
Evoke: Wand              |       |       |     2 |     8 ||    10
  Use: Scroll            |       |     3 |     8 |     5 ||    16
       Potion            |       |     3 |       |     4 ||     7
 Stab: Sleeping          |       |       |     1 |       ||     1
       Paralysed         |       |       |       |     1 ||     1
Armor: Robe              |     7 |    30 |    14 |    56 ||   107
Dodge: Dodged            |    14 |    43 |    48 |   155 ||   260

Table legend: (Time is in decaauts)
 A = Elapsed time spent in this place.
 B = Non-inter-level travel time spent in this place.
 C = Inter-level travel time spent in this place.
 D = Time resting spent in this place.
 E = Time spent auto-exploring this place.
 F = Levels seen in this place.
 G = Mean time per level.
                   A        B        C        D        E       F      G
               +--------+--------+--------+--------+--------+-----+--------+
         Total |  18736 |  18386 |    350 |   7156 |   8634 |  12 | 1561.3 |
       Dungeon |  18595 |  18245 |    350 |   7080 |   8596 |  11 | 1690.5 |
          Lair |    140 |    140 |      0 |     76 |     37 |   1 |  140.0 |
               +--------+--------+--------+--------+--------+-----+--------+

Top non-repeatable levels by time:
    D:10: 3199 daAuts
     D:7: 2606 daAuts
     D:8: 2308 daAuts
    D:11: 2302 daAuts
     D:5: 1492 daAuts
     D:4: 1433 daAuts
     D:2: 1401 daAuts
     D:9: 1330 daAuts
     D:3: 1285 daAuts
     D:1: 997 daAuts
     D:6: 238 daAuts
  Lair:1: 140 daAuts
